 Dungeon Crawl Stone Soup version 0.31-a0-219-g8d62b2e7bb (webtiles) character file.

Game seed: 7340988536210005715

102 qw the Chopper (level 4, -9/28 HPs)
             Began as a Gargoyle Fighter on July 3, 2023.
             Blown up by Ijyb (14 damage)
             ... with a mindburst bolt
             ... on level 3 of the Dungeon.
             The game lasted 00:00:54 (1448 turns).

qw the Chopper (Gargoyle Fighter)                   Turns: 1448, Time: 00:00:55

Health: -9/28      AC: 10    Str: 22    XL:     4   Next: 77%
Magic:  4/4        EV:  9    Int:  8    God:
Gold:   112        SH:  4    Dex:  9    Spells: 3/3 levels left

rFire   . . .        Y - +0 war axe
rCold   . . .        c - +0 buckler
rNeg    + . .        b - +0 scale mail
rPois   inf          (no helmet)
rElec   +            (no cloak)
rCorr   .            (no gloves)
SInv    .            (no boots)
Will    .....        (no amulet) Stlth
                     (no ring)
HPRegen 0.24/turn    (no ring)
MPRegen 0.09/turn

%: no passive effects
@: no status effects
A: sickness immunity, AC +3, negative energy resistance 1, electricity
resistance, torment resistance 1, petrification resistance
a: no special abilities


You were on level 3 of the Dungeon.
You visited 1 branch of the dungeon, and saw 3 of its levels.

You collected 112 gold pieces.


Innate Abilities, Weirdness & Mutations

You are immune to sickness and miasma.
Your stone body is resilient. (AC +3)
You are immune to poison.
You resist negative energy. (rN+)
You are resistant to electric shocks. (rElec)
You are resistant to unholy torment.
You are immune to petrification.


   Skills:
 - Level 3.2 Fighting
 + Level 4.3 Axes
 - Level 3.2 Armour
 - Level 3.2 Shields


You had 3 spell levels left.
You didn't know any spells.
Your spell library was empty.

Inventory:

Hand Weapons
 i - a +0 whip
 Y - a +0 war axe (weapon)
Missiles
 g - a boomerang (quivered)
Armour
 b - a +0 scale mail (worn)
 c - a +0 buckler (worn)
Scrolls
 a - a scroll of identify
Potions
 d - 3 potions of might
 e - a potion of berserk rage {unknown}

Dungeon Overview and Level Annotations

Branches:
Dungeon (3/15)

Altars:

Shops:
D:1 =

Annotations:
D:3 Ijyb


Message History

You hear a shout!
You barely miss Ijyb.
Ijyb is lightly wounded.
You barely miss the goblin. You slash the hobgoblin!
You kill the hobgoblin!
You block Ijyb's attack.
Ijyb zaps a wand.
Your mind is blasted!
The goblin hits you but does no damage.
The dart slug bites the plant.
You hit Ijyb.
Ijyb is heavily wounded.
You hit Robin. You closely miss the goblin. Robin barely misses you.
The hobgoblin hits the plant.
The plant begins to die.
Ijyb hits you with a +2 dagger of speed.
The goblin hits you but does no damage.
The dart slug bites the plant.
Ijyb barely misses you. The goblin closely misses you.
The hobgoblin hits the plant.
Robin hits you but does no damage.
You miss Ijyb.
Ijyb is heavily wounded.
You hit Robin. You barely miss the goblin.
Ijyb hits you with a +2 dagger of speed.
The dart slug splashes around in the water.
Ijyb zaps a wand.
Your mind is blasted!
Robin closely misses you. The goblin hits you but does no damage.
The hobgoblin hits the plant.
1446 ||| DRINKING potion of heal wounds.
You feel much better.
A nearby plant withers and dies. x2; Robin hits you with a +0 mace.
Ijyb hits you but does no damage. The goblin barely misses you.
You hit Robin.
You kill Robin!
You slash the goblin!
You kill the goblin!
You hit Ijyb but do no damage.
Ijyb splashes around in the water.
Ijyb zaps a wand.
Your mind is blasted!
Ouch! That really hurt!
You closely miss Ijyb.
Ijyb is heavily wounded.
You hit the hobgoblin.
The hobgoblin hits you but does no damage.
Ijyb zaps a wand.
Your mind is blasted!
Ouch! That really hurt!
You die... ~~.#.. .. ~~~P. #'# # ~~P. #...
PP ~~..#.?..
P.P

7~~#.....
~P~~7777.#......
#.P~~~~wggg..).g
#.~~~)~g#
##~.Pg@.#
#..###.# ##.#
#.# #.# #.#
#.###%# #.....#
#.##### #.# #.#


You could see Ijyb (strong), a dart slug, 2 hobgoblins and 2 goblins.

Vanquished Creatures
  Robin (D:3)
  2 adders
  2 worms (D:2)
  2 dart slugs (D:1)
  2 bats
  3 endoplasms
  2 giant cockroaches
  7 hobgoblins
  5 kobolds (D:1)
  A quokka (D:2)
  3 ball pythons
  13 goblins
  23 rats
66 creatures vanquished.

Notes
Turn   | Place    | Note
-------+----------+-------------------------------------------
     0 | D:1      | qw the Gargoyle Fighter began the quest for the Orb.
     0 | D:1      | Reached XP level 1. HP: 14/14 MP: 1/1
     0 | D:1      | 0 ||| qw: Version: 0.3-a-40-ge99b1a8
     0 | D:1      | 0 ||| qw: Game counter: 328
     0 | D:1      | 0 ||| qw: Melee chars always use a shield: true
     0 | D:1      | 0 ||| qw: God list: Okawaru
     0 | D:1      | 0 ||| qw: Allow faded altars: false
     0 | D:1      | 0 ||| qw: Do Orc after clearing Dungeon:15 true
     0 | D:1      | 0 ||| qw: Do second Lair branch before Depths: true
     0 | D:1      | 0 ||| qw: Lair rune preference: random
     0 | D:1      | 0 ||| qw: Goals: Normal, Zot:1-4, Slime:5, God:TSO, Crypt,
                  | Tomb, Abyss, Pan, Hells, Win
     0 | D:1      | 0 ||| PLANNING D:1-11
    56 | D:1      | 56 ||| Stepping ~*~*~tactically~*~*~ (hiding).
    62 | D:1      | Reached skill level 2 in Axes
    63 | D:1      | 63 ||| Stepping ~*~*~tactically~*~*~ (stealth).
    86 | D:1      | 86 ||| FLEEEEING.
    87 | D:1      | 87 ||| FLEEEEING.
    88 | D:1      | 88 ||| FLEEEEING.
    89 | D:1      | 89 ||| FLEEEEING.
    90 | D:1      | 90 ||| FLEEEEING.
   156 | D:1      | Reached XP level 2. HP: 19/19 MP: 2/2
   187 | D:1      | 187 ||| Stepping ~*~*~tactically~*~*~ (stealth).
   194 | D:1      | 194 ||| FLEEEEING.
   217 | D:1      | Found Inipyps's Jewellery Shoppe.
   238 | D:1      | 238 ||| SHOPLISTING Hermit's Pendant {Faith Invo=14 Evo=0
                  | MP+5} (575 gold, have 1).
   238 | D:1      | 238 ||| SHOPLISTING amulet of faith (400 gold, have 1).
   238 | D:1      | 238 ||| SHOPLISTING ring of fire (250 gold, have 1).
   238 | D:1      | 238 ||| SHOPLISTING ring of positive energy (200 gold, have
                  | 1).
   238 | D:1      | 238 ||| SHOPLISTING ring of resist corrosion (200 gold,
                  | have 1).
   238 | D:1      | 238 ||| SHOPLISTING ring of the Philosopher {Drain rPois
                  | rF+ EV+5 Str+4} (570 gold, have 1).
   238 | D:1      | 238 ||| SHOPLISTING ring of willpower (250 gold, have 1).
   313 | D:1      | Reached skill level 3 in Axes
   323 | D:1      | 323 ||| Stepping ~*~*~tactically~*~*~ (stealth).
   324 | D:1      | 324 ||| Stepping ~*~*~tactically~*~*~ (stealth).
   399 | D:1      | Reached XP level 3. HP: 23/23 MP: 3/3
   400 | D:1      | 400 ||| Stepping ~*~*~tactically~*~*~ (stealth).
   421 | D:1      | 421 ||| DROPPING +0 club.
   615 | D:1      | 615 ||| DROPPING +6 ring of intelligence.
   616 | D:1      | 616 ||| READING scroll labelled EDISIBB ZEFA.
   617 | D:1      | 617 ||| READING scroll labelled QOMEAMPECAT.
   645 | D:2      | 645 ||| Stepping ~*~*~tactically~*~*~ (hiding).
   771 | D:2      | Reached XP level 4. HP: 28/28 MP: 4/4
   903 | D:2      | Identified the +5 falchion of the Destroying Spider {heavy,
                  | rPois rC+}
   961 | D:2      | Reached skill level 4 in Axes
  1387 | D:2      | 1387 ||| READING scroll labelled FOEREBE TEQA.
  1388 | D:2      | 1388 ||| DRINKING 2 lumpy orange potions.
  1434 | D:3      | 1434 ||| Stepping ~*~*~tactically~*~*~ (stealth).
  1434 | D:3      | Noticed Ijyb
  1435 | D:3      | 1435 ||| Stepping ~*~*~tactically~*~*~ (hiding).
  1438 | D:3      | 1438 ||| Stepping ~*~*~tactically~*~*~ (hiding).
  1438 | D:3      | Noticed Robin
  1445 | D:3      | HP: 6/28 [Ijyb/+2 dagger of speed (2)]
  1446 | D:3      | 1446 ||| DRINKING potion of heal wounds.
  1447 | D:3      | Killed Robin
  1448 | D:3      | Blown up by Ijyb

Levels and vault maps discovered:
D:1:      dpeg_arrival_round_a, layout_rooms, serial_shops, shop,
          serial_park_tiny_pond
D:2:      layout_basic, minmay_rat_hole
D:3:      layout_loops_corners, marbit_many_paths, mainiacjoe_overflow_brackets,
          serial_bayou, serial_bayou_pond_c, serial_bayou_lagoon_a,
          serial_bayou_pond_e, serial_bayou_shore_a, uniq_ijyb, uniq_robin,
          uniq_jessica

Skill      XL: |  1  2  3  4 |
---------------+-------------+-----
Axes           | 2 3 4 |  4.3
Fighting       | |  3.2
Armour         | |  3.2
Shields        | |  3.2

Action                     |  1- 3 |  4- 6 || total
---------------------------+-------+-------++-------
  Melee: War axe           |   116 |    49 ||   165
  Throw: Boomerang         |    27 |    18 ||    45
    Use: Scroll            |     2 |     1 ||     3
         Potion            |       |     2 ||     2
 Armour: Scale mail        |    57 |    26 ||    83
  Dodge: Dodged            |    43 |    22 ||    65
  Block: Buckler           |    23 |     8 ||    31

Table legend:
 A = Non-vault XP
 B = Vault XP
 C = Vault XP percentage of total XP
 D = Non-vault monster count
 E = Vault monster count
 F = Vault count percentage of total count
                 A         B        C        D         E       F
            +---------+---------+-------+---------+---------+-------
      Total |     101 |      45 |  30.8 |      41 |      25 |  37.9
            +---------+---------+-------+---------+---------+-------
        D:1 |      46 |       0 |   0.0 |      26 |       0 |   0.0
        D:2 |      41 |      20 |  32.8 |      13 |      19 |  59.4
        D:3 |      14 |      25 |  64.1 |       2 |       6 |  75.0
            +---------+---------+-------+---------+---------+-------
